| TOP OF THE 1ST |
|
Ogden Raptors batting - Pitching for Missoula Osprey : LHP Elias Reyes
|
|
Pitching: LHP Elias Reyes
|
|
|
Batting: SHB Alex Noval
|
0-0: Ground out 6-3 (Groundball, P, EV 89.4 MPH)
|
|
Batting: SHB Erick Hamburger
|
0-0: Foul Ball, location: 2F 0-1: Ball 1-1: Ball 2-1: Foul Ball, location: 2F 2-2: Ball 3-2: Foul Ball, location: 2F 3-2: Foul Ball, location: 2F 3-2: SOLO HOME RUN (Line Drive, 7LD, EV 104.4 MPH), Distance : 375 ft
|
|
Batting: RHB Brad Brady
|
0-0: Foul Ball, location: 2F 0-1: Ball 1-1: Called Strike 1-2: Ball 2-2: Foul Ball, location: 2F 2-2: DOUBLE (Line Drive, 9LM, EV 102.5 MPH) - OUT at third base trying to stretch hit.
|
|
Batting: RHB Adam Maczko
|
0-0: Ball 1-0: Called Strike 1-1: Ball 2-1: Foul Ball, location: 2F 2-2: Strikes out swinging, 2-3 out at first.
|
| Top of the 1st over - 1 run, 2 hits, 0 errors, 0 left on base; Ogden 1 - Missoula 0 |
| BOTTOM OF THE 1ST |
|
Missoula Osprey batting - Pitching for Ogden Raptors : RHP Bon John Bovi
|
|
Pitching: RHP Bon John Bovi
|
|
|
Batting: RHB Isaiah Hampton
|
0-0: Ball 1-0: Ground out 1-3 (Groundball, 15, EV 73.1 MPH)
|
|
Batting: LHB Angelo Lira
|
0-0: Ground out 4-3 (Groundball, 4M, EV 80.0 MPH)
|
|
Batting: LHB Danny Salas
|
0-0: Ball 1-0: Ball 2-0: Foul Ball, location: 2F 2-1: Ground out 4-3 (Groundball, 4, EV 82.5 MPH)
|
| Bottom of the 1st over - 0 runs, 0 hits, 0 errors, 0 left on base; Ogden 1 - Missoula 0 |
| TOP OF THE 2ND |
|
Ogden Raptors batting - Pitching for Missoula Osprey : LHP Elias Reyes
|
|
Batting: LHB Fernão Manta
|
0-0: Ball 1-0: Ball 2-0: Foul Ball, location: 2F 2-1: Foul Ball, location: 2F 2-2: Ball 3-2: Base on Balls
|
|
Batting: RHB Felipe Rivera
|
0-0: Ball 1-0: Ball 2-0: Ball 3-0: Base on Balls Fernão Manta to second
|
|
Batting: RHB David Watkins
|
0-0: Called Strike 0-1: Ball Wild Pitch! Fernão Manta to third Felipe Rivera to second 1-1: Foul Ball, location: 2F 1-2: Hit by Pitch
|
|
Batting: RHB Kekoa Kahele
|
0-0: Ball 1-0: Ball 2-0: Called Strike 2-1: Called Strike 2-2: Ball 3-2: Foul Ball, location: 2F 3-2: Foul Ball, location: 2F 3-2: Strikes out looking
|
|
Batting: RHB Gaylord Wray
|
0-0: Ball 1-0: Ball 2-0: Ball 3-0: Called Strike 3-1: Called Strike 3-2: Strikes out looking
|
|
Batting: SHB Alex Noval
|
0-0: Called Strike 0-1: Fly out, F9 (Flyball, 9D, EV 91.2 MPH)
|
| Top of the 2nd over - 0 runs, 0 hits, 0 errors, 3 left on base; Ogden 1 - Missoula 0 |
| BOTTOM OF THE 2ND |
|
Missoula Osprey batting - Pitching for Ogden Raptors : RHP Bon John Bovi
|
|
Batting: RHB Claude Leduc
|
0-0: Ball 1-0: Ball 2-0: Ball 3-0: Called Strike 3-1: Base on Balls
|
|
Batting: RHB David Powell
|
0-0: Called Strike 0-1: Ball 1-1: Called Strike 1-2: Ball 2-2: Ball 3-2: Foul Ball, location: 2F 3-2: SINGLE (Line Drive, 56, EV 95.6 MPH) Claude Leduc to second Claude Leduc to third
|
|
Batting: RHB Juan Mejia
|
0-0: Ball 1-0: Ball 2-0: Called Strike 2-1: Grounds into double play, 5-4-3 (Groundball, 56, EV 105.0 MPH) Claude Leduc scores
|
|
Batting: RHB Hector Tabares
|
0-0: SINGLE (Line Drive, 9LS, EV 110.6 MPH)
|
|
Batting: LHB Adam Spence
|
0-0: Ball Hector Tabares steals 2nd base 1-0: Ground out 1-3 (Groundball, 13S, EV 72.5 MPH)
|
| Bottom of the 2nd over - 1 run, 2 hits, 0 errors, 1 left on base; Ogden 1 - Missoula 1 |
| TOP OF THE 3RD |
|
Ogden Raptors batting - Pitching for Missoula Osprey : LHP Elias Reyes
|
|
Batting: SHB Erick Hamburger
|
0-0: Ball 1-0: Called Strike 1-1: Ground out U3 (Groundball, 34, EV 94.4 MPH)
|
|
Batting: RHB Brad Brady
|
0-0: Called Strike 0-1: Ball 1-1: TRIPLE (Line Drive, 78XD, EV 103.1 MPH)
|
|
Batting: RHB Adam Maczko
|
0-0: Ball 1-0: Ball 2-0: Ground out 6-3 (Groundball, 6M, EV 88.8 MPH) Brad Brady scores
|
|
Batting: LHB Fernão Manta
|
0-0: Ball 1-0: Called Strike 1-1: Ball 2-1: Fly out, F9 (Flyball, 9, EV 82.5 MPH)
|
| Top of the 3rd over - 1 run, 1 hit, 0 errors, 0 left on base; Ogden 2 - Missoula 1 |
| BOTTOM OF THE 3RD |
|
Missoula Osprey batting - Pitching for Ogden Raptors : RHP Bon John Bovi
|
|
Batting: RHB Jose Cuellar
|
0-0: Ball 1-0: Fly out, F8 (Flyball, 8LS, EV 91.2 MPH)
|
|
Batting: RHB Isaiah Hampton
|
0-0: Ball 1-0: Swinging Strike 1-1: Ball 2-1: Ground out 4-3 (Groundball, 4, EV 105.0 MPH)
|
|
Batting: LHB Angelo Lira
|
0-0: Ball 1-0: Called Strike 1-1: Ball 2-1: Ball 3-1: Called Strike 3-2: Strikes out swinging
|
| Bottom of the 3rd over - 0 runs, 0 hits, 0 errors, 0 left on base; Ogden 2 - Missoula 1 |
| TOP OF THE 4TH |
|
Ogden Raptors batting - Pitching for Missoula Osprey : LHP Elias Reyes
|
|
Batting: RHB Felipe Rivera
|
0-0: Called Strike 0-1: Swinging Strike 0-2: Ball 1-2: Foul Ball, location: 2F 1-2: SINGLE (Groundball, 34D, EV 99.4 MPH)
|
|
Batting: RHB David Watkins
|
0-0: Ball 1-0: Called Strike 1-1: Foul Ball, location: 2F 1-2: Foul Ball, location: 2F 1-2: Strikes out looking
|
|
Batting: RHB Kekoa Kahele
|
0-0: Ball 1-0: Ball 2-0: Ball 3-0: Called Strike 3-1: Called Strike 3-2: Foul Ball, location: 2F 3-2: Foul Ball, location: 2F 3-2: Foul Ball, location: 2F 3-2: Foul Ball, location: 2F 3-2: Strikes out swinging
|
|
Batting: RHB Gaylord Wray
|
0-0: Called Strike Felipe Rivera is caught stealing 2nd base 2-4
|
| Top of the 4th over - 0 runs, 1 hit, 0 errors, 0 left on base; Ogden 2 - Missoula 1 |
| BOTTOM OF THE 4TH |
|
Missoula Osprey batting - Pitching for Ogden Raptors : RHP Bon John Bovi
|
|
Batting: LHB Danny Salas
|
0-0: Called Strike 0-1: Ground out 4-3 (Groundball, 4M, EV 85.6 MPH)
|
|
Batting: RHB Claude Leduc
|
0-0: Ground out U3 (Groundball, 3L, EV 91.9 MPH)
|
|
Batting: RHB David Powell
|
0-0: Ball 1-0: Foul Ball, location: 2F 1-1: Ball 2-1: Ground out 4-3 (Groundball, 4D, EV 101.9 MPH)
|
| Bottom of the 4th over - 0 runs, 0 hits, 0 errors, 0 left on base; Ogden 2 - Missoula 1 |
| TOP OF THE 5TH |
|
Ogden Raptors batting - Pitching for Missoula Osprey : LHP Elias Reyes
|
|
Batting: RHB Gaylord Wray
|
0-0: Fly out, F8 (Line Drive, 8RD, EV 91.2 MPH)
|
|
Batting: SHB Alex Noval
|
0-0: Ball 1-0: Called Strike 1-1: Foul Ball, location: 2F 1-2: DOUBLE (Line Drive, 89XD, EV 108.8 MPH)
|
|
Batting: SHB Erick Hamburger
|
0-0: Ball 1-0: Ball 2-0: Ball 3-0: Called Strike 3-1: Base on Balls
|
|
Pitching: LHP Henry Jesso
|
|
|
Batting: RHB Brad Brady
|
0-0: Ball 1-0: Swinging Strike 1-1: Foul Ball, location: 2F 1-2: Ball 2-2: Strikes out swinging
|
|
Batting: RHB Adam Maczko
|
0-0: Called Strike 0-1: Swinging Strike 0-2: Foul Ball, location: 2F 0-2: Foul Ball, location: 2F 0-2: Ball 1-2: Foul Ball, location: 2F 1-2: Ball 2-2: Foul Ball, location: 2F 2-2: Foul Ball, location: 2F 2-2: Ball 3-2: Ground out 6-3 (Groundball, 6, EV 83.1 MPH)
|
| Top of the 5th over - 0 runs, 1 hit, 0 errors, 2 left on base; Ogden 2 - Missoula 1 |
| BOTTOM OF THE 5TH |
|
Missoula Osprey batting - Pitching for Ogden Raptors : RHP Bon John Bovi
|
|
Batting: RHB Juan Mejia
|
0-0: Called Strike 0-1: Foul Ball, location: 2F 0-2: Ball 1-2: Strikes out looking
|
|
Batting: RHB Hector Tabares
|
0-0: Called Strike 0-1: Ball 1-1: Fly out, F8 (Flyball, 8RD, EV 100.0 MPH)
|
|
Batting: LHB Adam Spence
|
0-0: Swinging Strike 0-1: Ball 1-1: Ball 2-1: Swinging Strike 2-2: Ball 3-2: Foul Ball, location: 2F 3-2: Strikes out swinging
|
| Bottom of the 5th over - 0 runs, 0 hits, 0 errors, 0 left on base; Ogden 2 - Missoula 1 |
| TOP OF THE 6TH |
|
Ogden Raptors batting - Pitching for Missoula Osprey : LHP Henry Jesso
|
|
Batting: LHB Fernão Manta
|
0-0: Foul Ball, location: 2F 0-1: Swinging Strike 0-2: Foul Ball, location: 2F 0-2: Ball 1-2: Ball 2-2: Ball 3-2: Reached on error, E4 (Groundball, 34D, EV 85.6 MPH)
|
|
Batting: RHB Felipe Rivera
|
0-0: Fly out, F8 (Flyball, 8RM, EV 80.0 MPH)
|
|
Batting: RHB David Watkins
|
0-0: Ball 1-0: Ball 2-0: Ball 3-0: Fly out, F9 (Flyball, 89D, EV 90.6 MPH)
|
|
Batting: RHB Kekoa Kahele
|
0-0: Ball 1-0: SINGLE (Line Drive, 56D, EV 98.8 MPH) Fernão Manta to second
|
|
Batting: RHB Gaylord Wray
|
0-0: Ball 1-0: Ball Wild Pitch! Fernão Manta to third Kekoa Kahele to second 2-0: Ball 3-0: Base on Balls
|
|
Batting: SHB Alex Noval
|
0-0: Ball 1-0: Called Strike 1-1: SINGLE (Groundball, 4MD, EV 92.5 MPH) (infield hit) Fernão Manta scores Kekoa Kahele to third Gaylord Wray to second
|
|
Batting: SHB Erick Hamburger
|
0-0: Ball 1-0: Fly out, F7 (Line Drive, 7LS, EV 103.8 MPH)
|
| Top of the 6th over - 1 run, 2 hits, 1 error, 3 left on base; Ogden 3 - Missoula 1 |
| BOTTOM OF THE 6TH |
|
Missoula Osprey batting - Pitching for Ogden Raptors : RHP Bon John Bovi
|
|
Batting: RHB Jose Cuellar
|
0-0: Called Strike 0-1: Called Strike 0-2: Ball 1-2: Ball 2-2: SINGLE (Groundball, 6MD, EV 104.4 MPH)
|
|
Batting: RHB Isaiah Hampton
|
0-0: Ball 1-0: Ball 2-0: Ball 3-0: Base on Balls Jose Cuellar to second
|
|
Batting: LHB Angelo Lira
|
0-0: TRIPLE (Line Drive, 89XD, EV 108.1 MPH) Jose Cuellar scores Isaiah Hampton scores
|
|
Batting: LHB Danny Salas
|
0-0: Called Strike 0-1: Ball 1-1: Ball 2-1: Ball 3-1: Base on Balls
|
|
Batting: RHB Claude Leduc
|
0-0: Ball 1-0: Called Strike 1-1: Fielders Choice at 2nd, 6-4 (Groundball, 6, EV 79.4 MPH) Angelo Lira scores
|
|
Pitching: RHP Mike Barnhill
|
|
|
Batting: RHB David Powell
|
0-0: Ball 1-0: Fielders Choice at 2nd, 1-6 (Groundball, 13S, EV 65.0 MPH)
|
|
Batting: RHB Juan Mejia
|
0-0: Foul Ball, location: 2F 0-1: Swinging Strike 0-2: Ball 1-2: Foul Ball, location: 2F 1-2: Ball 2-2: Foul Ball, location: 2F 2-2: 2-RUN HOME RUN (Flyball, 7D, EV 103.8 MPH), Distance : 397 ft
|
|
Batting: RHB Hector Tabares
|
0-0: Ball 1-0: Ground out 4-3 (Groundball, 4, EV 109.4 MPH)
|
| Bottom of the 6th over - 5 runs, 3 hits, 0 errors, 0 left on base; Ogden 3 - Missoula 6 |
| TOP OF THE 7TH |
|
Ogden Raptors batting - Pitching for Missoula Osprey : LHP Henry Jesso
|
|
Batting: RHB Brad Brady
|
0-0: Called Strike 0-1: Ball 1-1: SOLO HOME RUN (Flyball, 9D, EV 100.0 MPH), Distance : 372 ft
|
|
Batting: RHB Adam Maczko
|
0-0: Called Strike 0-1: Swinging Strike 0-2: Ball 1-2: Ball 2-2: Ball 3-2: Base on Balls
|
|
Pitching: LHP Carlos Alicea
|
|
|
Batting: LHB Fernão Manta
|
0-0: Called Strike 0-1: Foul Ball, location: 2F 0-2: Ball 1-2: Ball 2-2: Ball 3-2: SINGLE (Flyball, 8LS, EV 93.1 MPH) Adam Maczko to second
|
|
Batting: RHB Felipe Rivera
|
0-0: Ball 1-0: Foul Ball, location: 2F 1-1: Ball 2-1: Ball 3-1: Base on Balls Adam Maczko to third Fernão Manta to second
|
|
Batting: RHB David Watkins
|
0-0: Ball 1-0: Foul Ball, location: 2F 1-1: Reached on error, E6 (Groundball, 6MS, EV 83.1 MPH) Adam Maczko scores Fernão Manta to third Felipe Rivera to second
|
|
Batting: RHB Kekoa Kahele
|
0-0: Ball 1-0: Fly out, F7 (Line Drive, 7S, EV 95.0 MPH)
|
|
Batting: RHB Gaylord Wray
|
0-0: Called Strike 0-1: Swinging Strike 0-2: Foul Ball, location: 2F 0-2: Foul Ball, location: 2F 0-2: Ball 1-2: Foul Ball, location: 2F 1-2: Strikes out swinging
|
|
Batting: SHB Alex Noval
|
0-0: Ball 1-0: Called Strike 1-1: Ball 2-1: Foul Ball, location: 2F 2-2: Foul Ball, location: 2F 2-2: Ball 3-2: Foul Ball, location: 2F 3-2: Base on Balls Fernão Manta scores Felipe Rivera to third David Watkins to second
|
|
Pitching: LHP Travis Osorio
|
|
|
Batting: SHB Erick Hamburger
|
0-0: Ball 1-0: Ball 2-0: Foul Ball, location: 2F 2-1: Fly out, F9 (Flyball, 89D, EV 93.1 MPH)
|
| Top of the 7th over - 3 runs, 2 hits, 1 error, 3 left on base; Ogden 6 - Missoula 6 |
| BOTTOM OF THE 7TH |
|
Missoula Osprey batting - Pitching for Ogden Raptors : RHP Mike Barnhill
|
|
Pinch Hitting: LHB Nelson Pelico
|
0-0: Swinging Strike 0-1: Ground out 6-3 (Groundball, 4, EV 88.8 MPH)
|
|
Batting: RHB Jose Cuellar
|
0-0: SINGLE (Flyball, 78S, EV 98.8 MPH)
|
|
Batting: RHB Isaiah Hampton
|
0-0: Called Strike 0-1: Ball 1-1: Ball 2-1: Fielders Choice at 2nd, 4-6 (Groundball, 4M, EV 86.2 MPH)
|
|
Batting: LHB Angelo Lira
|
0-0: Ball Isaiah Hampton is caught stealing 2nd base 2-6
|
| Bottom of the 7th over - 0 runs, 1 hit, 0 errors, 0 left on base; Ogden 6 - Missoula 6 |
| TOP OF THE 8TH |
|
Ogden Raptors batting - Pitching for Missoula Osprey : LHP Travis Osorio
|
|
Now in RF: Dave Beerman
|
|
|
Batting: RHB Brad Brady
|
0-0: Ball 1-0: Foul Ball, location: 2F 1-1: Ball 2-1: Foul Ball, location: 2F 2-2: Foul Ball, location: 2F 2-2: Ball 3-2: Base on Balls
|
|
Batting: RHB Adam Maczko
|
0-0: Ball 1-0: Ball 2-0: Fly out, F9 (Flyball, 9LM, EV 101.2 MPH)
|
|
Pinch Hitting: RHB Juan Gallegos
|
0-0: Ball 1-0: 2-RUN HOME RUN (Flyball, 89XD, EV 104.4 MPH), Distance : 406 ft
|
|
Batting: RHB Felipe Rivera
|
0-0: Called Strike 0-1: Ball 1-1: Ball 2-1: Called Strike 2-2: Ball 3-2: Strikes out swinging, 2-3 out at first.
|
|
Batting: RHB David Watkins
|
0-0: Ball 1-0: Foul Ball, location: 2F 1-1: Swinging Strike 1-2: Foul Ball, location: 2F 1-2: Ball 2-2: Strikes out swinging
|
| Top of the 8th over - 2 runs, 1 hit, 0 errors, 0 left on base; Ogden 8 - Missoula 6 |
| BOTTOM OF THE 8TH |
|
Missoula Osprey batting - Pitching for Ogden Raptors : RHP Mike Barnhill
|
|
Now in LF: Kekoa Kahele
|
|
|
Now in RF: Chad Rojas
|
|
|
Batting: LHB Angelo Lira
|
0-0: Foul Ball, location: 2F 0-1: Called Strike 0-2: Strikes out swinging
|
|
Batting: LHB Danny Salas
|
0-0: Swinging Strike 0-1: Ball 1-1: Foul Ball, location: 2F 1-2: Ball 2-2: Ball 3-2: Base on Balls
|
|
Batting: RHB Claude Leduc
|
0-0: Foul Ball, location: 2F 0-1: Called Strike 0-2: Ball 1-2: Fielders Choice at 2nd, 5-4 (Groundball, 56, EV 104.4 MPH)
|
|
Pitching: RHP Bill Dyck
|
|
|
Batting: RHB David Powell
|
0-0: Ball 1-0: Foul Ball, location: 2F 1-1: Called Strike 1-2: Foul Ball, location: 2F 1-2: Ball 2-2: SINGLE (Line Drive, 34D, EV 94.4 MPH) Claude Leduc to second Runner from 2nd tries for 3rd, SAFE, throw by RF made to third
|
|
Pinch Hitting: LHB Falco van Koeveringe
|
0-0: Ball 1-0: Ball 2-0: Foul Ball, location: 2F 2-1: Ball 3-1: Base on Balls David Powell to second
|
|
Pinch Hitting: LHB Jalen Williams
|
0-0: Called Strike 0-1: Foul Ball, location: 2F 0-2: Ball 1-2: Ball 2-2: Ball Wild Pitch! Claude Leduc scores David Powell to third Falco van Koeveringe to second 3-2: Base on Balls
|
|
Pinch Hitting: RHB Shing Mah
|
0-0: Called Strike 0-1: Ball 1-1: Ground out 6-3 (Groundball, 4MD, EV 98.8 MPH)
|
| Bottom of the 8th over - 1 run, 1 hit, 0 errors, 3 left on base; Ogden 8 - Missoula 7 |
| TOP OF THE 9TH |
|
Ogden Raptors batting - Pitching for Missoula Osprey : LHP Travis Osorio
|
|
Pitching: LHP Bobby Manning
|
|
|
Now at 3B: Carlos Gonzalez
|
|
|
Now at SS: Hyeok Shon
|
|
|
Now in RF: Jalen Williams
|
|
|
Batting: RHB Kekoa Kahele
|
0-0: Ball 1-0: Ball 2-0: Called Strike 2-1: Foul Ball, location: 2F 2-2: Strikes out looking
|
|
Batting: RHB Gaylord Wray
|
0-0: Called Strike 0-1: Foul Ball, location: 2F 0-2: Strikes out swinging
|
|
Batting: SHB Alex Noval
|
0-0: Called Strike 0-1: Ball 1-1: Foul Ball, location: 2F 1-2: Ground out 6-3 (Groundball, 6, EV 80.0 MPH)
|
| Top of the 9th over - 0 runs, 0 hits, 0 errors, 0 left on base; Ogden 8 - Missoula 7 |
| BOTTOM OF THE 9TH |
|
Missoula Osprey batting - Pitching for Ogden Raptors : RHP Bill Dyck
|
|
Pitching: RHP Austin Miller
|
|
|
Now at 1B: Jason Todd
|
|
|
Batting: RHB Jose Cuellar
|
0-0: Ball 1-0: Swinging Strike 1-1: SOLO HOME RUN (Line Drive, 78XD, EV 112.5 MPH), Distance : 423 ft
|
|
Batting: RHB Isaiah Hampton
|
0-0: Ball 1-0: Ball 2-0: Called Strike 2-1: Ball 3-1: Fly out, F6 (Popup, 56, EV 74.4 MPH)
|
|
Batting: LHB Angelo Lira
|
0-0: Ball 1-0: Ball 2-0: DOUBLE (Groundball, 5L, EV 104.4 MPH)
|
|
Batting: LHB Danny Salas
|
0-0: Called Strike 0-1: Ball Angelo Lira steals 3rd base 1-1: Swinging Strike 1-2: Strikes out swinging
|
|
Batting: RHB Claude Leduc
|
0-0: Intentional Walk
|
|
Batting: RHB David Powell
|
0-0: Ball 1-0: Called Strike 1-1: Ball 2-1: Foul Ball, location: 2F 2-2: Ball 3-2: Foul Ball, location: 2F 3-2: Base on Balls Claude Leduc to second
|
|
Batting: RHB Hyeok Shon
|
0-0: Foul Ball, location: 2F 0-1: Foul Ball, location: 2F 0-2: Ball 1-2: Foul Ball, location: 2F 1-2: Fielders Choice at 2nd, 5-4 (Groundball, 5, EV 89.4 MPH)
|
| Bottom of the 9th over - 1 run, 2 hits, 0 errors, 3 left on base; Ogden 8 - Missoula 8 |
| TOP OF THE 10TH |
|
Ogden Raptors batting - Pitching for Missoula Osprey : LHP Bobby Manning
|
|
Batting: SHB Erick Hamburger
|
0-0: Called Strike 0-1: Ball 1-1: Called Strike 1-2: Ball 2-2: Ground out 3-1 (Groundball, 34, EV 91.2 MPH)
|
|
Batting: RHB Brad Brady
|
0-0: Fly out, F9 (Flyball, 9, EV 93.8 MPH)
|
|
Batting: RHB Adam Maczko
|
0-0: SINGLE (Groundball, 25, EV 71.2 MPH) (infield hit)
|
|
Batting: RHB Chad Rojas
|
0-0: Called Strike 0-1: Ball 1-1: Swinging Strike 1-2: Strikes out swinging
|
| Top of the 10th over - 0 runs, 1 hit, 0 errors, 1 left on base; Ogden 8 - Missoula 8 |
| BOTTOM OF THE 10TH |
|
Missoula Osprey batting - Pitching for Ogden Raptors : RHP Austin Miller
|
|
Pitching: LHP Brian Gardner
|
|
|
Pinch Hitting: RHB Chris Jones
|
0-0: Ball 1-0: Fly out, F5 (Line Drive, 5, EV 65.6 MPH)
|
|
Pinch Hitting: RHB Edwin Romero
|
0-0: Ball 1-0: Called Strike 1-1: Called Strike 1-2: SINGLE (Groundball, 6D, EV 105.6 MPH)
|
|
Batting: RHB Jose Cuellar
|
0-0: Bunted foul 0-1: Sac Bunt to 2R - play at first, batter OUT! 2-3 Edwin Romero to second
|
|
Batting: RHB Isaiah Hampton
|
0-0: Foul Ball, location: 2F 0-1: Foul Ball, location: 2F 0-2: Strikes out looking
|
| Bottom of the 10th over - 0 runs, 1 hit, 0 errors, 1 left on base; Ogden 8 - Missoula 8 |
| TOP OF THE 11TH |
|
Ogden Raptors batting - Pitching for Missoula Osprey : LHP Bobby Manning
|
|
Now at 3B: Devon House
|
|
|
Now in RF: Drew Sigona
|
|
|
Batting: RHB Felipe Rivera
|
0-0: Ball 1-0: Ball 2-0: Foul Ball, location: 2F 2-1: Ball 3-1: Foul Ball, location: 2F 3-2: Base on Balls
|
|
Pinch Hitting: RHB John Hanson
|
0-0: Ball 1-0: Ball 2-0: Called Strike 2-1: Ball 3-1: Base on Balls Felipe Rivera to second
|
|
Batting: RHB Kekoa Kahele
|
0-0: Bunt missed! 0-1: Bunt missed! 0-2: Foul Ball, location: 2F 0-2: Fly out, F7 (Flyball, 78S, EV 92.5 MPH)
|
|
Pinch Hitting: SHB Jesus Gomez
|
0-0: Fielders Choice at 2nd, 1-6 (Groundball, 13S, EV 68.1 MPH) Felipe Rivera to third
|
|
Batting: SHB Alex Noval
|
0-0: Ball 1-0: Ball 2-0: Foul Ball, location: 2F 2-1: Called Strike 2-2: SINGLE (Groundball, 56D, EV 110.0 MPH) Felipe Rivera scores Jesus Gomez to second
|
|
Batting: SHB Erick Hamburger
|
0-0: Called Strike 0-1: SINGLE (Groundball, 56D, EV 103.1 MPH) Jesus Gomez to third Alex Noval to second Runner from 3rd tries for Home, SAFE, throw by LF to home
|
|
Pitching: RHP Sergio Reyes
|
|
|
Batting: RHB Brad Brady
|
0-0: Ball 1-0: Ball 2-0: Ball 3-0: Called Strike 3-1: Foul Ball, location: 2F 3-2: Strikes out swinging
|
| Top of the 11th over - 2 runs, 2 hits, 0 errors, 2 left on base; Ogden 10 - Missoula 8 |
| BOTTOM OF THE 11TH |
|
Missoula Osprey batting - Pitching for Ogden Raptors : LHP Brian Gardner
|
|
Now at C: Will Barksdale
|
|
|
Now at 1B: John Hanson
|
|
|
Batting: LHB Angelo Lira
|
0-0: Ball 1-0: Ball 2-0: Called Strike 2-1: Fly out, F9 (Flyball, 9LSF, EV 95.6 MPH)
|
|
Batting: LHB Danny Salas
|
0-0: Called Strike 0-1: Ball 1-1: Swinging Strike 1-2: Strikes out swinging
|
|
Batting: RHB Claude Leduc
|
0-0: Called Strike 0-1: Foul Ball, location: 2F 0-2: Fly out, F9 (Flyball, 9, EV 85.0 MPH)
|
| Bottom of the 11th over - 0 runs, 0 hits, 0 errors, 0 left on base; Ogden 10 - Missoula 8 |
|